 Dungeon Sprint DCSS version 0.20.1-1-g8b1a95d (webtiles) character file.

6887 potatolord6000 the Apostle (level 11, -1/110 HPs)
             Began as a Hill Orc Fighter on Aug 31, 2017.
             Was a High Priest of Beogh.
             Slain by a hell rat (4 damage)
             ... in the Dungeon (Sprint VII: "The Pits").
             The game lasted 00:09:43 (1571 turns).

potatolord6000 the Apostle (Hill Orc Fighter)       Turns: 1571, Time: 00:09:43

Health: -1/110     AC: 20    Str: 23      XL:     11   Next: 6%
Magic:  21/21      EV:  2    Int: 10 (14) God:    Beogh [*****.]
Gold:   0          SH:  0    Dex: 10      Spells: 10/10 levels left

rFire    . . .     SeeInvis .   b - +3 long sword
rCold    . . .     Gourm    .   c - +0 shield
rNeg     + + +     Faith    .   u - +3 plate armour
rPois    ∞         Spirit   .   (no helmet)
rElec    .         Reflect  .   (no cloak)
rCorr    .         Harm     .   a - +0 pair of gloves
MR       .....     NoTele   +   (no boots)
Stlth    ..........             (no amulet)
Regen    0.3/turn               d - +3 ring of intelligence
MPRegen  0.2/turn               h - +3 ring of intelligence

@: petrified
A: walk on water
a: Smiting, Recall Orcish Followers, Give Item to Named Follower, Renounce
Religion


You were in the Dungeon.
You worshipped Beogh.
Beogh was extremely pleased with you.
You were very full.

You visited 1 branch

Inventory:

Hand Weapons
 b - a +3 long sword (weapon)
Armour
 a - a +0 pair of gloves (worn)
 c - a +0 shield (worn)
 u - a +3 plate armour (worn)
Jewellery
 d - a +3 ring of intelligence (left hand)
 h - a +3 ring of intelligence (right hand)
Scrolls
 k - a scroll of blinking
 m - 2 scrolls of remove curse
 n - 5 scrolls of amnesia
 o - a scroll of summoning
Potions
 e - 7 potions of curing
 g - 5 potions of heal wounds
 j - 3 potions of berserk rage
 l - a potion of invisibility
 r - 2 potions of haste
 s - a potion of agility
 t - a potion of brilliance
Comestibles
 f - 8 bread rations
 p - 40 fruits
 q - 5 meat rations


   Skills:
 + Level 14.0 Fighting
 + Level 10.7 Long Blades
   Level 9.1 Axes
 + Level 13.1 Armour
 + Level 13.1 Shields
 + Level 14.4 Invocations


You had 10 spell levels left.
You didn't know any spells.

Dungeon Overview and Level Annotations

Branches:
Dungeon (1/1)

Altars:
Ashenzari
Cheibriados
Dithmenos
Elyvilon
Fedhas
Gozag
Hepliaklqana
Kikubaaqudgha
Makhleb
Nemelex Xobeh
Okawaru
Qazlal
Ru
Sif Muna
Trog
Uskayaw
Vehumet
Xom
Yredelemnul
Zin
The Shining One
Beogh
Jiyva
Lugonu

Annotations:
D Prince Ribbit


Message History

* * * LOW HITPOINT WARNING * * *
The hell rat bites you but does no damage.
The crimson imp hits you but does no damage.
The basilisk barely misses you.
The komodo dragon bites you but does no damage.
The hell rat bites you.
* * * LOW HITPOINT WARNING * * *
Your orc knight is no longer petrified.
The crimson imp hits you but does no damage.
The basilisk bites you.
* * * LOW HITPOINT WARNING * * *
The hell rat bites you but does no damage.
The komodo dragon bites you but does no damage.
The crimson imp hits you but does no damage.
The hell rat bites you but does no damage.
The basilisk bites you but does no damage.
The komodo dragon bites you but does no damage.
Your orc knight dies!
The hell rat bites you!
You die...

##''######
##')######### ####
##).)...#...+ ###...#
##....###...## .#...#
##...##.'...+.##
....#
##..##..##'##..##...#
##..#..##...##..+...#
##..#).#.....#.o#l..#
##..'..'....('))@l5.+
##..#..#.....#.5#r5.#
##..#..##...##..)3..#
##..##..##÷##..##...#
##...##.+.÷)+.##
....# ##...)###...##
.#...# ##......#...+
###...# #############
####


You could see a komodo dragon, a basilisk, a neqoxec, a hell rat, a crimson imp,
a shadow imp, an ufetubus and a friendly orc warrior.

Vanquished Creatures
  A ghost moth (D)
  Harold (D)
  Erica (D)
  Urug (D)
  A sea snake (D)
  A phantasmal warrior (D)
  A deep elf mage (D)
  An elephant (D)
  An ice devil (D)
  A redback (D)
  A spriggan (D)
  A fire elemental (D)
  A yak (D)
  Menkaure (D)
  An acid dragon (D)
  2 orc warriors (D)
  A crocodile (D)
  2 gnoll sergeants (D)
  5 wights (D)
  A worker ant (D)
  A gnoll (D)
  A river rat (D)
  An ufetubus (D)
  An adder skeleton (D)
  A worm (D)
  2 leopard geckos (D)
  3 orcs (D)
  2 bat skeletons (D)
  A hobgoblin (D)
  A jackal (D)
  A frilled lizard (D)
41 creatures vanquished.

Vanquished Creatures (collateral kills)
  A flying skull (D)
  A warg (D)
  A small abomination (D)
  4 gnolls (D)
  A white imp (D)
8 creatures vanquished.

Vanquished Creatures (others)
  An orc knight (D)
  An orc priest (D)
  An orc (D)
  3 jackals (D)
6 creatures vanquished.

Grand Total: 55 creatures vanquished

Notes
Turn   | Place    | Note
-------+----------+-------------------------------------------
     0 | D        | potatolord6000 the Hill Orc Fighter began the quest for the Orb.
     0 | D        | Reached XP level 1. HP: 19/19 MP: 1/1
    44 | D        | Found a bloodstained altar of Trog.
    44 | D        | Found a deep blue altar of Sif Muna.
    44 | D        | Found a viscous altar of Jiyva.
    44 | D        | Found a hazy altar of Hepliaklqana.
    44 | D        | Found an opulent altar of Gozag.
    45 | D        | Found a glowing golden altar of the Shining One.
    45 | D        | Found a glowing silver altar of Zin.
    45 | D        | Found a basalt altar of Yredelemnul.
    45 | D        | Found a shimmering altar of Xom.
    45 | D        | Found a sacrificial altar of Ru.
    45 | D        | Found a stormy altar of Qazlal.
    45 | D        | Found an iron altar of Okawaru.
    45 | D        | Found a sparkling altar of Nemelex Xobeh.
    45 | D        | Found a burning altar of Makhleb.
    45 | D        | Found a blossoming altar of Fedhas.
    45 | D        | Found a white marble altar of Elyvilon.
    45 | D        | Found a shadowy altar of Dithmenos.
    45 | D        | Found a snail-covered altar of Cheibriados.
    48 | D        | Found a corrupted altar of Lugonu.
    48 | D        | Found a radiant altar of Vehumet.
    48 | D        | Found a roughly hewn altar of Beogh.
    49 | D        | Found an ancient bone altar of Kikubaaqudgha.
    49 | D        | Found a hide-covered altar of Uskayaw.
    49 | D        | Found a shattered altar of Ashenzari.
    57 | D        | Became a worshipper of Beogh the Brigand
    92 | D        | Reached XP level 2. HP: 28/28 MP: 2/2
   113 | D        | Reached * piety under Beogh
   125 | D        | Reached skill level 5 in Fighting
   125 | D        | Reached XP level 3. HP: 36/36 MP: 2/4
   127 | D        | Reached ** piety under Beogh
   127 | D        | Reached skill level 5 in Axes
   134 | D        | Reached skill level 5 in Armour
   208 | D        | Noticed Menkaure
   210 | D        | Noticed an orc warrior
   211 | D        | Killed Menkaure
   211 | D        | Reached skill level 5 in Invocations
   211 | D        | Reached XP level 4. HP: 35/45 MP: 4/7
   211 | D        | Reached XP level 5. HP: 40/51 MP: 4/8
   239 | D        | HP: 2/51 [orc warrior/trident of pain (1)]
   244 | D        | Killed an orc warrior
   244 | D        | Reached *** piety under Beogh
   244 | D        | Reached XP level 6. HP: 48/61 MP: 8/10
   250 | D        | Reached **** piety under Beogh
   255 | D        | Reached XP level 7. HP: 57/69 MP: 3/12
   270 | D        | Noticed Prince Ribbit
   408 | D        | Reached skill level 1 in Long Blades
   440 | D        | Noticed a yak
   446 | D        | Killed a yak
   446 | D        | Reached ***** piety under Beogh
   491 | D        | Noticed a warg
   491 | D        | Noticed a flying skull
   491 | D        | Noticed an elephant
   493 | D        | Killed a warg
   493 | D        | Reached skill level 10 in Fighting
   493 | D        | Reached XP level 8. HP: 79/79 MP: 5/15
   496 | D        | Killed an elephant
   496 | D        | Reached skill level 5 in Long Blades
   496 | D        | Reached skill level 10 in Invocations
   499 | D        | Killed a flying skull
   634 | D        | Reached skill level 10 in Armour
   636 | D        | Reached skill level 10 in Shields
   760 | D        | Noticed Harold
   765 | D        | Killed Harold
   765 | D        | Reached XP level 9. HP: 88/89 MP: 9/17
   836 | D        | Noticed an ice devil
   840 | D        | Killed an ice devil
   968 | D        | Noticed a deep elf mage
   974 | D        | Killed a deep elf mage
  1166 | D        | Noticed Erica
  1171 | D        | Killed Erica
  1171 | D        | Reached XP level 10. HP: 82/100 MP: 12/19
  1247 | D        | Noticed Urug
  1248 | D        | Noticed a phantasmal warrior
  1251 | D        | Killed Urug
  1260 | D        | Killed a phantasmal warrior
  1538 | D        | Noticed a sea snake
  1544 | D        | Killed a ghost moth
  1544 | D        | Reached skill level 10 in Long Blades
  1561 | D        | Killed a sea snake
  1561 | D        | Reached XP level 11. HP: 54/110 MP: 7/21
  1568 | D        | HP: 4/110 [hell rat (3)]
  1571 | D        | Slain by a hell rat

Skill      XL: |  1  2  3  4  5  6  7  8  9 10 |
---------------+-------------------------------+-----
Axes           | 3 4 7 9 |  9.1
Fighting       | 4 5 6 7 8 10 11 12 14 | 14.0
Armour         | 4 6 7 8 9 10 11 13 | 13.1
Shields        | 4 6 7 9 10 11 13 | 13.1
Invocations    | 2 5 6 7 9 11 12 14 | 14.4
Long Blades    | 4 7 8 10 | 10.7

Action                   |  1- 3 |  4- 6 |  7- 9 | 10-12 || total
-------------------------+-------+-------+-------+-------++-------
Melee: Hand axe          |    29 |    24 |    13 |       ||    66
       War axe           |     4 |       |       |       ||     4
       Long sword        |       |       |    39 |    10 ||    49
Invok: Smiting           |     1 |     4 |    18 |    14 ||    37
  Use: Potion            |     2 |     6 |     1 |     4 ||    13
       Scroll            |       |       |     1 |       ||     1
  Eat: Meat ration       |       |       |     2 |       ||     2
Armor: Scale mail        |    13 |       |       |       ||    13
       Chain mail        |       |     4 |    17 |       ||    21
       Plate armour      |       |       |    19 |    44 ||    63
Dodge: Dodged            |     6 |     6 |    20 |    16 ||    48
Block: Shield            |     9 |    10 |    23 |    20 ||    62
       Rpst.: Long sword |       |       |     4 |     5 ||     9
